 Dungeon Crawl Stone Soup version 0.22-a0-757-gdba82d8 (webtiles) character file.

752 Hebeh the Conjurer (level 7, -8/36 HPs)
             Began as a Deep Elf Fire Elementalist on July 16, 2018.
             Mangled by an ogre
             ... wielding a +0 giant club
              (25 damage)
             ... on level 5 of the Dungeon.
             The game lasted 00:23:04 (5612 turns).

Hebeh the Conjurer (Deep Elf Fire Elementalist)     Turns: 5612, Time: 00:23:05

Health: -8/36      AC:  6    Str:  5    XL:     7   Next: 49%
Magic:  8/18       EV: 13    Int: 22    God:
Gold:   233        SH:  0    Dex: 15    Spells: 7/18 levels left

rFire    . . .     SeeInvis +   C - +1 war axe (elec)
rCold    . . .     Gourm    .   (no shield)
rNeg     . . .     Faith    .   k - +0 robe
rPois    .         Spirit   .   (no helmet)
rElec    .         Reflect  .   E - +0 cloak
rCorr    .         Harm     .   w - +0 pair of gloves
MR       .....                  A - +1 pair of boots
Stlth    ++........             r - amulet of regeneration
HPRegen  0.52/turn              y - ring of see invisible
MPRegen  0.16/turn              t - ring of wizardry

@: no status effects
A: no striking features
a: no special abilities


You were on level 5 of the Dungeon.
You were not hungry.

You visited 1 branch of the dungeon, and saw 5 of its levels.

You collected 233 gold pieces.

Inventory:

Hand Weapons
 a - a +3 whip
 C - a +1 war axe of electrocution (weapon)
Missiles
 g - 22 bolts
 i - 93 stones (quivered)
 B - 20 arrows
Armour
 k - a +0 robe (worn)
 w - a +0 pair of gloves (worn)
 A - a +1 pair of boots (worn)
 E - a +0 cloak (worn)
Jewellery
 f - a +3 ring of slaying
 r - an amulet of regeneration (around neck)
 t - a ring of wizardry (right hand)
 y - a ring of see invisible (left hand)
Wands
 b - a wand of polymorph (9)
 n - a wand of flame (22)
Scrolls
 h - 2 scrolls of enchant weapon {unknown}
 j - a scroll of remove curse
 s - a scroll of teleportation
 x - 3 scrolls of identify
 z - a scroll of blinking {unknown}
 F - a scroll of enchant armour
Potions
 d - a potion of resistance {unknown}
 e - a potion of might {unknown}
 l - a potion of cancellation {unknown}
 m - a potion of curing {unknown}
 o - 2 potions of haste {unknown}
 p - 3 potions of brilliance {unknown}
 q - 2 potions of flight {unknown}
 u - a potion of agility {unknown}
 v - a potion of ambrosia {unknown}
Comestibles
 c - 5 rations
 D - a chunk of flesh


   Skills:
 - Level 2.4 Dodging
 - Level 2.4 Stealth
 + Level 6.2 Spellcasting
 * Level 6.4 Conjurations
 + Level 5.6 Fire Magic


You had 7 spell levels left.
You knew the following spells:

 Your Spells              Type           Power        Failure   Level  Hunger
a - Flame Tongue          Conj/Fire      ####.        1%          1    None
b - Throw Flame           Conj/Fire      ####..       1%          2    None
c - Conjure Flame         Conj/Fire      ####....     1%          3    #......
d - Fireball              Conj/Fire      ####......   9%          5    #####..

Your spell library contained the following spells:

 Spells                   Type           Power        Failure   Level  Hunger
 Sticky Flame             Conj/Fire      ####....     3%          4    ###....
 Inner Flame              Hex/Fire       ###.....     3%          3    #......


Dungeon Overview and Level Annotations

Branches:
Dungeon (5/15)
 Temple: D:4-7

Altars:
Dithmenos

Shops:
D:4 (


Message History

The ogre shouts!
Casting: Flame Tongue (safe; 1% risk of failure)
Confirm with . or Enter, or press ? or * to list all spells.
Aiming: Flame Tongue (safe; 1% risk of failure)
Press: ? - help, Shift-Dir - straight line, f/p - ogre
Aim: an ogre, wielding a giant club The flame tongue hits the ogre.
The ogre is heavily wounded.
The ogre hits you with a giant club!!
Ouch! That really hurt!
Casting: Flame Tongue (safe; 1% risk of failure)
Confirm with . or Enter, or press ? or * to list all spells.
Aiming: Flame Tongue (safe; 1% risk of failure)
Press: ? - help, Shift-Dir - straight line, f/p - ogre
Aim: an ogre, wielding a giant club (heavily wounded)
The flame tongue hits the ogre.
The ogre is almost dead.
The ogre hits you with a giant club!!
Ouch! That really hurt!
You die...

#....#..#.........
#....#'##....####.
####..........#
#..#..........#
#..'..........#
#..#..........#
####......##### #
#..#......# '.o
#.@+......#
#o...#O##......#
...o........Y.....
..................
..................
..................
####.......[...###
+...........#
#...........+


You could see an ogre.

Vanquished Creatures
  Duvessa (D:4)
  An ice beast (D:5)
  Dowan (D:4)
  A howler monkey (D:5)
  4 orc priests
  Crazy Yiuf (D:4)
  Natasha (thrice) (D:4)
  A worker ant (D:4)
  2 orc wizards
  9 adders
  An ooze (D:1)
  An adder skeleton (D:4)
  2 worms
  3 dart slugs (D:1)
  3 leopard geckos (D:1)
  13 orcs
  A ball python (D:3)
  3 bats
  2 giant cockroaches
  4 goblins
  9 hobgoblins
  5 jackals
  6 quokkas
  A frilled lizard (D:4)
  10 kobolds
  4 rats
  A plant (D:1)
93 creatures vanquished.

Notes
Turn   | Place    | Note
-------+----------+-------------------------------------------
     0 | D:1      | Hebeh the Deep Elf Fire Elementalist began the quest for the Orb.
     0 | D:1      | Reached XP level 1. HP: 10/10 MP: 6/6
   512 | D:1      | Reached XP level 2. HP: 15/15 MP: 4/8
   971 | D:1      | Reached XP level 3. HP: 19/19 MP: 7/10
  1915 | D:2      | Reached XP level 4. HP: 24/24 MP: 8/11
  2080 | D:2      | Learned a level 2 spell: Throw Flame
  2084 | D:2      | Learned a level 3 spell: Conjure Flame
  3258 | D:3      | Reached XP level 5. HP: 12/28 MP: 2/13
  3842 | D:3      | Found a shadowy altar of Dithmenos.
  4275 | D:4      | Learned a level 5 spell: Fireball
  4311 | D:4      | Noticed Natasha
  4319 | D:4      | Killed Natasha
  4319 | D:4      | Reached skill level 5 in Spellcasting
  4319 | D:4      | Reached XP level 6. HP: 32/32 MP: 15/15
  4340 | D:4      | Noticed Natasha
  4348 | D:4      | Killed Natasha
  4551 | D:4      | Found Kunon's Antique Weapon Shoppe.
  4645 | D:4      | Noticed Natasha
  4649 | D:4      | Killed Natasha
  4649 | D:4      | Reached skill level 5 in Conjurations
  4824 | D:4      | Noticed Dowan
  4829 | D:4      | Killed Dowan
  4829 | D:4      | Reached skill level 5 in Fire Magic
  4829 | D:4      | Noticed Duvessa
  4846 | D:4      | HP: 1/32 [Duvessa/short sword (17)]
  4847 | D:4      | Killed Duvessa
  5121 | D:4      | Found a runed door.
  5230 | D:4      | Reached XP level 7. HP: 36/36 MP: 12/17
  5353 | D:4      | Noticed Crazy Yiuf
  5358 | D:4      | Killed Crazy Yiuf
  5410 | D:5      | Entered Level 5 of the Dungeon
  5612 | D:5      | Mangled by an ogre

Vault maps used:
D:1:      minmay_arrival_split_and_join, serial_forest,
          infiniplex_forest_clump_C, infiniplex_forest_zigzag_1,
          infiniplex_forest_clump_diagonal, infiniplex_forest_end_2,
          infiniplex_forest_straight_5, infiniplex_forest_clump_double,
          infiniplex_forest_clump_small, infiniplex_forest_lined_3_way
D:2:      first_ration
D:3:      nicolae_dithmenos_shadow_blocks, kennysheep_generic_room_14
D:4:      serial_shops, kennysheep_little_box, dk_noncrumbling_3,
          uniq_crazy_yiuf_cottage, uniq_natasha, uniq_duvessa
D:5:      marbit_many_paths

Skill      XL: |  1  2  3  4  5  6  7 |
---------------+----------------------+-----
Conjurations   | 2 3 4 5 6 |  6.4
Spellcasting   | 4 5 6 |  6.2
Fire Magic     | 4 5 |  5.6
Dodging        | |  2.4
Stealth        | |  2.4

Action                   |  1- 3 |  4- 6 |  7- 9 || total
-------------------------+-------+-------+-------++-------
Melee: Dagger            |    62 |       |       ||    62
       War axe           |       |    12 |     8 ||    20
       Whip              |       |     3 |       ||     3
Throw: Stone             |    12 |    27 |       ||    39
 Cast: Flame Tongue      |    58 |    85 |    17 ||   160
       Throw Flame       |       |    22 |    10 ||    32
       Conjure Flame     |       |     3 |       ||     3
  Use: Scroll            |       |     6 |       ||     6
 Stab: Sleeping          |       |     1 |       ||     1
  Eat: Chunk             |     3 |     7 |     1 ||    11
       Ration            |       |     1 |       ||     1
Armor: Robe              |     4 |     5 |     2 ||    11
Dodge: Dodged            |    19 |    28 |     6 ||    53

Table legend:
 A = Spawn XP
 B = Non-spawn XP
 C = Spawn XP percentage of total XP
 D = Spawn monster count
 E = Non-spawn monster count
 F = Spawn count percentage of total count
 G = Total turns spent on level
                    A         B        C        D         E        F      G
               +---------+---------+-------+---------+---------+-------+---------
         Total |       0 |    1075 |   0.0 |       0 |      92 |   0.0 |  5612
               +---------+---------+-------+---------+---------+-------+---------
           D:1 |       0 |      57 |   0.0 |       0 |      24 |   0.0 |  1468
           D:2 |       0 |      67 |   0.0 |       0 |      18 |   0.0 |  1903
           D:3 |       0 |     219 |   0.0 |       0 |      26 |   0.0 |   870
           D:4 |       0 |     469 |   0.0 |       0 |      16 |   0.0 |  1169
           D:5 |       0 |     263 |   0.0 |       0 |       8 |   0.0 |   202
               +---------+---------+-------+---------+---------+-------+---------
